 Dungeon Crawl Stone Soup version 0.27-a0-277-g024f7ef292 (webtiles) character file.

Game seed: 1217530207476075025

96 siradein the Chopper (level 4, 0/35 HPs)
             Began as a Demonspawn Berserker on Feb 5, 2021.
             Was a Believer of Trog.
             Succumbed to an orc wizard's poison
             ... on level 3 of the Dungeon.
             The game lasted 00:07:23 (1990 turns).

siradein the Chopper (Demonspawn Berserker)         Turns: 1990, Time: 00:07:23

Health: 0/35       AC: 14    Str: 18    XL:     4   Next: 41%
Magic:  4/4        EV:  7    Int:  8    God:    Trog [**....]
Gold:   94         SH:  0    Dex: 13    Spells: 3/3 levels left

rFire    . . .     SeeInvis .   a - +0 hand axe
rCold    . . .     Faith    .   (no shield)
rNeg     . . .     Spirit   .   e - +0 chain mail (curse)
rPois    .         Reflect  .   h - +2 helmet
rElec    .         Harm     .   (no cloak)
rCorr    .         Rampage  .   d - +2 pair of gloves
Will     .....                  (no boots)
Stlth    ..........             (no amulet)
HPRegen  0.11/turn              (no ring)
MPRegen  0.09/turn              (no ring)

@: lethally poisoned (0 -> -49)
A: condensation shield
a: Renounce Religion, Berserk, Trog's Hand


You were on level 3 of the Dungeon.
You worshipped Trog.
Trog was pleased with you.
You visited 1 branch of the dungeon, and saw 3 of its levels.

You collected 94 gold pieces.

Inventory:

Hand Weapons
 a - a +0 hand axe (weapon)
Armour
 d - a +2 pair of gloves (worn)
 e - a cursed +0 chain mail (worn)
 h - a +2 helmet (worn)
Scrolls
 b - 2 scrolls of fear {unknown}
 c - 5 scrolls of identify {unknown}
 g - a scroll of remove curse {unknown}
 i - a scroll of random uselessness {unknown}
 l - a scroll of noise {unknown}
 m - a scroll of teleportation {unknown}
 n - a scroll of blinking {unknown}
Potions
 f - a potion of brilliance {unknown}
 j - a potion of ambrosia {unknown}
 k - a potion of attraction {unknown}
 o - a potion of lignification {unknown}
 p - a potion of curing {unknown}


   Skills:
 - Level 3.0 Fighting
 + Level 4.8 Axes
 - Level 1.7 Armour
 - Level 1.7 Dodging


You had 3 spell levels left.
You didn't know any spells.
Your spell library was empty.

Dungeon Overview and Level Annotations

Branches:
Dungeon (3/15)

Altars:

Annotations:
D:2 Sigmund


Innate Abilities, Weirdness & Mutations

A meltable shield of frost defends you. (SH +0)


Message History

You feel sick.
The orc wizard hits you but does no damage.
You are more poisoned.
The orc wizard hits you but does no damage.
You are more poisoned.
You hit the orc wizard but do no damage.
The orc wizard is severely wounded.
* * * LOW HITPOINT WARNING * * *
You feel very sick.
The orc wizard hits you but does no damage.
You are more poisoned.
You hit the orc wizard.
The orc wizard is almost dead.
* * * LOW HITPOINT WARNING * * *
You feel very sick.
The orc wizard hits you but does no damage.
You are more poisoned.
You barely miss the orc wizard.
The orc wizard is almost dead.
You die...

######### #### #.......#
#...
#.#####.##########.##
#.#####....†.........
#.##.|...#########.##
#.##@##.## #...
###.##o##.## #...
#.....o....# ##.#
#.#........####### #.#
...#####.#.##.##..#.....#
#.#
...........##.##..#.....#
#.#
..............##........#
#..
............####.##.....#
###
...#######..####.##.>...#


You could see an orc wizard and an orc.

Vanquished Creatures
  An orc wizard (D:3)
  4 adders
  A worm (D:2)
  A dart slug (D:1)
  A leopard gecko (D:1)
  An orc (D:3)
  3 giant cockroaches
  3 goblins (D:1)
  5 hobgoblins (D:1)
  4 jackals (D:1)
  2 kobolds (D:1)
  2 quokkas
  8 bats
  3 frilled lizards (D:1)
  7 rats
46 creatures vanquished.

Notes
Turn   | Place    | Note
-------+----------+-------------------------------------------
     0 | D:1      | siradein the Demonspawn Berserker began the quest for the
                  | Orb.
     0 | D:1      | Reached XP level 1. HP: 18/18 MP: 1/1
   132 | D:1      | Reached skill level 3 in Axes
   210 | D:1      | Gained mutation: A meltable shield of frost defends you.
                  | (SH +0) [demonic ancestry]
   210 | D:1      | Reached XP level 2. HP: 17/24 MP: 2/2
   574 | D:1      | Reached ** piety under Trog
   682 | D:1      | Reached XP level 3. HP: 29/29 MP: 3/3
   885 | D:1      | Reached skill level 4 in Axes
  1063 | D:2      | Noticed Sigmund
  1789 | D:3      | Reached XP level 4. HP: 35/35 MP: 4/4
  1990 | D:3      | Succumbed to an orc wizard's poison

Illustrated notes

Levels and vault maps discovered:
D:1:      elethiomel_arrival_diamonds, layout_basic, lemuel_another_geyser
D:2:      layout_rooms, lemuel_coloured_pillars_altar, uniq_sigmund
D:3:      layout_loops_cross, minmay_crystal_water

Skill      XL: |  1  2  3 |
---------------+----------+-----
Axes           | 3 4 |  4.8
Fighting       | |  3.0
Armour         | |  1.7
Dodging        | |  1.7

Action                   |  1- 3 |  4- 6 || total
-------------------------+-------+-------++-------
Melee: Hand axe          |   120 |    33 ||   153
Armor: Chain mail        |    89 |    24 ||   113
Dodge: Dodged            |    48 |     6 ||    54
Block: Other             |    19 |     5 ||    24

Table legend: (Time is in decaauts)
 A = Elapsed time spent in this place.
 B = Non-inter-level travel time spent in this place.
 C = Inter-level travel time spent in this place.
 D = Time resting spent in this place.
 E = Time spent auto-exploring this place.
 F = Levels seen in this place.
 G = Mean time per level.
                   A        B        C        D        E       F      G
               +--------+--------+--------+--------+--------+-----+--------+
         Total |   2008 |   1967 |     41 |      0 |   1418 |   3 |  669.3 |
       Dungeon |   2008 |   1967 |     41 |      0 |   1418 |   3 |  669.3 |
               +--------+--------+--------+--------+--------+-----+--------+

Top non-repeatable levels by time:
     D:1: 1175 daAuts
     D:2: 427 daAuts
     D:3: 405 daAuts
